Map: Ruins of Seras

Players

Javert - Winner!

  • Race: Zerg Zerg
  • League: Grandmaster

Marauder

  • Race: Protoss Protoss
  • League: Platinum

VOD

Have the link to the VOD?

Description

Time

  • Played on: Aug. 30, 2015, 9:03 p.m.
  • Length: 18:26
Show
View Real Time Build Order
Export as new Build Order

Javert Zerg - Winner!

Build Orders: Hatch First, Lurkers 

Get SALT Encoding   

  12  0:01  Drone  
  13  0:14  Overlord  
  13  0:20  Drone  
  14  0:33  Drone x2  
  16  0:38  Drone  
  17  0:57  Drone  
  17  0:59  Hatchery  
  17  1:01  Extractor  
  17  1:03  Drone  
  17  1:13  Drone  
  18  1:28  Spawning Pool  
  18  1:30  Drone  
  18  1:35  Drone  
  19  1:42  Drone  
  20  1:52  Drone  
  21  2:02  Drone  
  22  2:12  Overlord  
  22  2:18  Metabolic Boost  
  22  2:19  Queen x2  
  25  2:30  Overlord  
  25  2:34  Zergling x6  
  25  2:37  Drone  
  29  2:46  Drone x2  
  31  3:00  Queen  
  31  3:03  Drone x2  
  35  3:07  Drone x2  
  37  3:16  Drone  
  38  3:23  Hatchery  
  38  3:26  Drone x3  
  40  3:31  Overlord  
  40  3:37  Drone x2  
  42  3:46  Drone x2  
  44  3:55  Drone x3  
  45  4:07  Drone x3  
  45  4:08  Drone x3  
  51  4:19  Extractor x2  
  51  4:20  Lair, Hatchery  
  51  4:21  Extractor  
  47  4:25  Drone x2  
  47  4:30  Evolution Chamber x2  
  47  4:31  Queen  
  49  4:41  Overlord  
  49  4:52  Roach Warren  
  48  4:53  Drone x2  
  48  4:54  Drone x5  
  48  4:56  Overlord  
  55  5:01  Zerg Missile Weapons Level 1  
  55  5:03  Zerg Ground Armor Level 1  
  55  5:11  Overlord  
  55  5:15  Overlord  
  55  5:22  Roach Warren  
  55  5:23  Drone x2, Hydralisk Den  
  55  5:24  Drone x2  
  57  5:31  Overseer  
  57  5:35  Glial Reconstitution  
  57  5:40  Roach x3  
  57  5:41  Roach x2  
  68  5:47  Overlord  
  68  5:48  Drone x3  
  71  5:51  Overseer x2  
  71  5:56  Muscular Augments  
  71  6:00  Overlord  
  71  6:01  Overlord  
  71  6:07  Hydralisk  
  71  6:08  Hydralisk  
  75  6:13  Hydralisk  
  75  6:14  Hydralisk x2  
  81  6:23  Spine Crawler  
  81  6:25  Spine Crawler  
  79  6:26  Hydralisk x2  
  83  6:34  Spine Crawler  
  83  6:37  Spine Crawler  
  83  6:38  Hydralisk x2  
  85  6:56  Roach x8  
  85  7:01  Overlord x2  
  101  7:08  Overlord x2  
  101  7:17  Overseer  
  101  7:20  Overlord x2, Drone x2  
  103  7:33  Ravager x4  
  103  7:36  Overlord  
  108  7:37  Drone x4  
  108  7:38  Hatchery  
  110  7:44  Zerg Missile Weapons Level 2  
  110  7:49  Overlord  
  110  7:50  Overlord, Lurker Den  
  110  7:59  Drone x8  
  110  8:01  Extractor  
  110  8:02  Extractor  
  116  8:15  Infestation Pit  
  115  8:25  Extractor  
  114  8:28  Hydralisk  
  114  8:30  Hydralisk, Extractor  
  114  8:31  Hydralisk x4  
  125  8:37  Overlord x2  
  125  8:42  Overseer  
  125  8:44  Spore Crawler  
  124  8:53  Overlord  
  124  8:54  Hive  
  104  9:35  Lurker  
  104  9:36  Lurker x6  
  104  9:37  Lurker  
  112  9:40  Roach  
  112  9:41  Roach x3  
  120  9:50  Drone x2  
  120  9:51  Drone x7  
  120  9:52  Drone x5  
  134  10:04  Roach x4  
  134  10:05  Roach x10  
  161  10:19  Overlord  
  161  10:21  Overseer x2  
  161  10:30  Drone x3  
  161  10:33  Spine Crawler x2  
  161  10:34  Spine Crawler  
  161  10:37  Zerg Ground Armor Level 2  
  161  10:38  Zerg Missile Weapons Level 3  
  161  10:41  Spire  
  146  11:05  Hydralisk x2  
  146  11:06  Hydralisk x11  
  172  11:14  Burrow  
  172  11:24  Overlord  
  172  11:25  Overlord x2  
  101  12:01  Mutalisk  
  88  12:02  Mutalisk  
  88  12:03  Mutalisk x9  
  110  12:12  Overlord x2  
  110  12:14  Greater Spire  
  110  12:18  Roach x2  
  110  12:19  Roach x7  
  128  12:27  Queen  
  130  12:31  Overlord  
  130  12:32  Overlord  
  130  12:38  Pneumatized Carapace  
  130  12:39  Drone x4  
  134  12:44  Roach  
  134  12:45  Roach x8  
  136  13:14  Roach  
  136  13:15  Roach x15  
  166  13:23  Hydralisk  
  166  13:24  Hydralisk x3  
  168  13:45  Ravager  
  168  13:47  Ravager x11  
  180  13:51  Roach  
  180  13:52  Roach x6  
  190  14:05  Overlord x2  
  190  14:07  Overlord x2  
  186  14:12  Ultralisk Cavern  
  179  14:36  Hydralisk x4  
  179  14:37  Hydralisk x6  
  177  14:53  Zerg Ground Armor Level 3  
  163  15:12  Corruptor x6  
  163  15:19  Overlord x2  
  163  15:28  Drone x3  
  163  15:33  Chitinous Plating  
  163  15:46  Zerg Melee Weapons Level 1  
  163  15:51  Extractor  
  163  15:52  Hatchery  
  163  15:53  Extractor  
  163  16:09  Hatchery, Extractor  
  163  16:11  Extractor  
  163  16:22  Corruptor x6  
  163  16:23  Corruptor x3  
  163  16:28  Zerg Flyer Weapons Level 1  
  163  16:57  Brood Lord x4  
  163  17:56  Spore Crawler, Spine Crawler  
  163  17:58  Spine Crawler  
  163  18:00  Drone x4, Spore Crawler  
  163  18:02  Drone  
Show
View Real Time Build Order
Export as new Build Order

Marauder Protoss 

Build Orders:  

Get SALT Encoding   

  12  0:01  Probe  
  13  0:13  Probe  
  14  0:22  Pylon  
  14  0:26  Probe  
  15  0:40  Probe  
  16  0:53  Probe  
  17  1:05  Probe  
  18  1:12  Nexus  
  18  1:17  Probe  
  19  1:20  Gateway  
  19  1:30  Forge  
  19  1:39  Gateway  
  19  1:47  Probe  
  20  1:50  Assimilator  
  20  1:52  Assimilator  
  20  2:05  Photon Cannon  
  20  2:12  Cybernetics Core  
  20  2:16  Probe  
  21  2:28  Probe  
  22  2:38  Probe  
  22  2:40  Probe  
  22  2:42  Zealot  
  26  2:50  Probe  
  27  2:52  Probe  
  28  3:00  Pylon  
  28  3:02  Probe, Warp Gate  
  28  3:03  Protoss Ground Weapons Level 1  
  28  3:04  Probe  
  29  3:14  Probe  
  29  3:16  Stalker  
  32  3:23  Probe  
  32  3:26  Stalker  
  35  3:28  Probe  
  36  3:35  Probe  
  36  3:39  Pylon  
  36  3:40  Probe  
  38  3:47  Probe  
  39  3:53  Mothership Core  
  39  3:54  Assimilator  
  41  3:59  Probe  
  42  4:12  Probe  
  42  4:14  Probe  
  44  4:21  Pylon  
  44  4:24  Probe  
  45  4:26  Probe  
  46  4:32  Twilight Council  
  46  4:36  Probe  
  47  4:38  Probe, Assimilator  
  48  4:46  Gateway  
  48  4:48  Gateway, Probe  
  48  4:50  Probe  
  50  4:57  Robotics Facility  
  50  5:00  Probe  
  50  5:01  Pylon  
  50  5:02  Probe  
  50  5:06  Pylon  
  52  5:08  Protoss Ground Armor Level 1  
  52  5:12  Probe  
  53  5:14  Probe  
  53  5:16  Stalker x2  
  58  5:23  Blink  
  58  5:27  Probe  
  58  5:28  Probe  
  60  5:36  Pylon  
  60  5:50  Stalker x4  
  60  5:51  Observer  
  60  5:56  Probe x2, Robotics Bay  
  71  6:08  Nexus  
  71  6:13  Pylon  
  71  6:20  Immortal  
  75  6:26  Stalker x2  
  79  6:35  Stalker x2  
  79  6:38  Probe x2  
  85  6:47  Pylon  
  85  7:11  Colossus  
  91  7:15  Stalker x3  
  91  7:16  Stalker  
  91  7:17  Protoss Ground Weapons Level 2  
  91  7:22  Photon Cannon  
  99  7:24  Photon Cannon  
  99  7:26  Probe x2  
  99  7:29  Assimilator  
  101  7:31  Probe  
  101  7:32  Assimilator  
  101  7:34  Pylon  
  102  7:38  Probe  
  102  7:39  Extended Thermal Lance  
  102  7:44  Probe x2  
  105  7:50  Probe  
  106  7:56  Probe x2  
  108  8:00  Stalker x2  
  108  8:01  Stalker  
  108  8:03  Probe  
  115  8:08  Probe x2  
  117  8:13  Pylon  
  117  8:17  Pylon  
  117  8:30  Colossus  
  123  8:35  Pylon  
  123  8:36  Pylon  
  121  8:42  Pylon  
  121  8:44  Pylon  
  121  8:45  Pylon  
  121  8:46  Robotics Facility  
  121  8:48  Probe x2  
  123  8:49  Stalker  
  123  8:54  Pylon  
  125  9:01  Pylon  
  125  9:02  Gateway  
  125  9:05  Gateway x2  
  117  9:15  Stalker x4  
  123  9:30  Colossus  
  127  9:46  Stalker x4  
  127  9:48  Colossus  
  141  9:53  Pylon  
  141  9:58  Probe  
  142  10:09  Probe x2  
  144  10:22  Stalker x3  
  144  10:23  Stalker x3, Colossus  
  144  10:25  Pylon  
  162  10:29  Pylon  
  162  10:32  Probe x2  
  163  10:41  Warp Prism  
  151  11:06  Nexus  
  151  11:10  Assimilator  
  151  11:14  Assimilator  
  151  11:17  Colossus x2  
  163  11:20  Gateway  
  163  11:21  Photon Cannon  
  163  11:23  Photon Cannon  
  161  11:26  Photon Cannon  
  161  11:27  Photon Cannon  
  161  11:33  Stalker x2  
  161  11:34  Stalker  
  125  11:47  Zealot x3  
  125  11:48  Zealot  
  102  12:02  Stalker x3  
  102  12:05  Pylon  
  108  12:11  Colossus x2  
  120  12:17  Stalker x4  
  120  12:18  Protoss Ground Weapons Level 3  
  128  12:24  Probe x4  
  132  12:39  Stalker x2  
  132  12:40  Stalker  
  132  12:42  Stalker x5  
  148  12:49  Templar Archives  
  143  13:07  Stalker x3  
  143  13:08  Stalker x4  
  136  13:35  Stalker x2  
  136  13:36  Stalker x4  
  136  13:38  Observer x2  
  148  13:49  Probe x2  
  148  13:50  Probe x2  
  148  13:52  Photon Cannon  
  148  13:53  Photon Cannon  
  152  13:55  Photon Cannon  
  152  13:59  Pylon  
  151  14:09  Photon Cannon  
  151  14:12  Photon Cannon  
  150  14:29  Stalker x2  
  150  14:30  Stalker x6  
Tags
 
Add a new tag
Caveats
  • Supply blocks, unpowered buildings, or Contaminate may cause inaccurate times.
  • Supply counts are checked every 10 seconds.